 Dungeon Crawl Stone Soup version 0.30.1-4-g462c640d31 (webtiles) character file.

Game seed: 10239740361017840696

1330 H0rd4k the Charlatan (level 8, 0/52 HPs)
             Began as an Octopode Artificer on Sept 18, 2023.
             Was an Initiate of Gozag.
             Slain by a black bear (1 damage)
             ... on level 7 of the Dungeon.
             The game lasted 00:10:01 (5911 turns).

H0rd4k the Charlatan (Octopode Artificer)           Turns: 5911, Time: 00:10:03

Health: 0/52       AC:  1    Str: 11    XL:     8   Next: 60%
Magic:  8/8        EV: 14    Int: 16    God:    Gozag
Gold:   367        SH:  0    Dex: 12    Spells: 7/7 levels left

rFire   . .          .
                       - Unarmed
rCold   . . .        (no shield)
rNeg    . . .        (helmet restricted)
rPois   .            (no amulet)
rElec   .            p - ring of willpower
rCorr   +            y - ring of resist corrosion
SInv    .            (no ring)
Will    +....        (no ring)
Stlth   +++          (no ring)
HPRegen 0.28/turn    (no ring)
MPRegen 0.11/turn    (no ring)
                     (no ring)

%: no passive effects
@: gold aura, flying, studying Hexes
A: almost no armour, amphibious, 8 rings, camouflage 1, gelatinous body 1,
(nimble swimmer 1), tentacles
a: Renounce Religion, Potion Petition, Call Merchant, Bribe Branch


You were on level 7 of the Dungeon.
You worshipped Gozag.
Gozag was aware of your devotion.
You visited 2 branches of the dungeon, and saw 8 of its levels.

You collected 467 gold pieces.
You paid 100 gold pieces to Gozag.

Inventory:

Missiles
 u - 2 throwing nets
 v - 2 poisoned darts (quivered)
Jewellery
 p - a ring of willpower (left tentacle)
 y - a ring of resist corrosion (right tentacle)
 B - a +6 ring of dexterity
 D - an amulet of magic regeneration
Wands
 C - a wand of iceblast (13)
Scrolls
 b - a scroll of noise {unknown}
 e - 4 scrolls of enchant weapon {unknown}
 f - a scroll of fog {unknown}
 i - a scroll of butterflies {unknown}
 j - 4 scrolls of identify {unknown}
 l - 2 scrolls of blinking {unknown}
 m - 2 scrolls of amnesia {unknown}
 r - 2 scrolls of brand weapon {unknown}
 s - 3 scrolls of teleportation {unknown}
 t - a scroll of torment {unknown}
 w - 2 scrolls of immolation {unknown}
 E - a scroll of fear {unknown}
Potions
 a - 3 potions of degeneration {unknown}
 d - a potion of might {unknown}
 g - 3 potions of flight
 h - 3 potions of berserk rage {unknown}
 k - 3 potions of curing {unknown}
 n - a potion of heal wounds {unknown}
 o - 2 potions of attraction {unknown}
 q - a potion of mutation {unknown}
 x - a potion of magic {unknown}
 z - 2 potions of lignification {unknown}
 A - a potion of cancellation {unknown}
 F - a potion of invisibility {unknown}


   Skills:
 + Level 3.1 Fighting
 + Level 0.1 Throwing
 + Level 4.8 Dodging
 - Level 1.3 Stealth
 + Level 6.6 Unarmed Combat
 + Level 6.7 Evocations


You had 7 spell levels left.
You didn't know any spells.
Your spell library contained the following spells:

 Spells                   Type           Power      Damage    Failure   Level
 Apportation              Tloc           0%         N/A       26%         1
 Magic Dart               Conj           0%         1d3       26%         1
 Necrotise                Necr           0%         1d4       26%         1
 Summon Small Mammal      Summ           0%         N/A       26%         1
 Searing Ray              Conj           0%         2d4       36%         2
 Hailstorm                Conj/Ice       0%         3d3       58%         3
 Fulminant Prism          Conj/Hex       0%         3d5       94%         4
 Ice Form                 Ice/Tmut       0%         N/A       94%         4
 Simulacrum               Ice/Necr       Unusable   N/A       N/A         6

Dungeon Overview and Level Annotations

Branches:
Dungeon (7/15)             Temple (1/1) D:6

Altars:
Ashenzari
Cheibriados
Dithmenos
Gozag
Hepliaklqana
Kikubaaqudgha
Makhleb
Nemelex Xobeh
Okawaru
Qazlal
Ru
Sif Muna
Trog
Uskayaw
Vehumet
Wu Jian
Xom
Yredelemnul
Zin

Shops:
D:1 [   D:4 =

Annotations:
D:4 exclusion: wyvern
D:6 exclusion: steam dragon


Innate Abilities, Weirdness & Mutations

You cannot wear most types of armour.
You are amphibious.
You can wear up to eight rings at the same time.
Your skin changes colour to match your surroundings (Stealth+).
Your rubbery body absorbs attacks. (AC +1, EV +1)
((You are camouflaged when in or above water. (Stealth+)))
You have tentacles for arms and can constrict up to eight enemies at once.


Message History

* * * LOW HITPOINT WARNING * * *
You tentacle-slap the phantom.
You destroy the phantom!
Aiming: Charm
Press: ? - help, Shift-Dir - straight line, f - black bear
Aim: a black bear (chance to affect: 65%)
The black bear struggles to resist.
The black bear bites you.
* * * LOW HITPOINT WARNING * * *
The black bear misses you.
The black bear claws you but does no damage.
Aiming: Charm
Press: ? - help, Shift-Dir - straight line, f/p - black bear
Aim: a black bear (chance to affect: 65%)
The black bear struggles to resist.
The now-empty wand crumbles to dust.
The black bear bites you.
* * * LOW HITPOINT WARNING * * *
The black bear claws you.
* * * LOW HITPOINT WARNING * * *
The black bear barely misses you.
Aiming: Iceblast
Press: ? - help, Shift-Dir - straight line, f/p - black bear
Aim: a black bear That beam is likely to hit you.
Continue anyway? [Y]es or [N]o only, please.
That beam is likely to hit you.
Continue anyway? [Y]es or [N]o only, please.
That beam is likely to hit you.
Continue anyway?
Okay, then.
Unknown command.
Unknown command.
Okay, then.
It was a potion of flight.
You feel very buoyant.
You fly up into the air.
The black bear bites you.
* * * LOW HITPOINT WARNING * * *
The black bear claws you.
* * * LOW HITPOINT WARNING * * *
The black bear claws you.
You die...
Your body crumbles into a pile of gold.

# ### ...
##8#####..≈.≈
##..$h@....≈..
##..8######.≈≈≈
##...## ≈
#8..## #.<.#
#8..## ##...##
##.§8# ##..+


You could see a black bear.

Vanquished Creatures
  Duvessa (D:6)
  A water moccasin (D:5)
  An ice beast (D:6)
  A black bear (D:2)
  An ogre (D:4)
  A phantom (D:7)
  A scorpion (D:6)
  Dowan (D:6)
  4 electric eels (D:6)
  2 orc priests (D:6)
  Crazy Yiuf (D:3)
  Jessica (D:3)
  Terence (D:3)
  2 iguanas (D:4)
  An orc wizard (D:6)
  Robin (D:3)
  5 gnolls
  5 adders
  3 white imps
  An ufetubus (D:4)
  2 worms
  4 dart slugs
  6 orcs
  4 ball pythons
  9 endoplasms
  2 giant cockroaches
  17 goblins
  9 hobgoblins
  4 jackals (D:1)
  4 kobolds
  4 quokkas
  7 bats
  2 frilled lizards
  2 rats
111 creatures vanquished.

Vanquished Creatures (collateral kills)
  2 hounds (D:5)
  An iguana (D:5)
  3 adders
  2 gnolls
  A worm (D:5)
  An orc (D:5)
10 creatures vanquished.

Vanquished Creatures (others)
  A black bear (D:5)
  An orc wizard (D:5)
2 creatures vanquished.

Grand Total: 123 creatures vanquished

Notes
Turn   | Place    | Note
-------+----------+-------------------------------------------
     0 | D:1      | H0rd4k the Octopode Artificer began the quest for the Orb.
     0 | D:1      | Reached XP level 1. HP: 13/13 MP: 1/1
   153 | D:1      | Reached XP level 2. HP: 10/18 MP: 2/2
   202 | D:1      | Found Gionuiss's Antique Armour Emporium.
   433 | D:1      | Reached XP level 3. HP: 17/23 MP: 3/3
   472 | D:1      | Found a faded altar of an unknown god.
  1213 | D:2      | Reached skill level 1 in Unarmed Combat
  1312 | D:2      | Noticed a black bear
  1318 | D:2      | Killed a black bear
  1319 | D:2      | Reached XP level 4. HP: 28/28 MP: 4/4
  1319 | D:2      | Reached XP level 5. HP: 33/33 MP: 5/5
  1379 | D:2      | Found a hazy altar of Hepliaklqana.
  1684 | D:3      | Noticed Terence
  1686 | D:3      | Killed Terence
  1907 | D:3      | Found a stormy altar of Qazlal.
  1986 | D:3      | Noticed Jessica
  1990 | D:3      | Killed Jessica
  1991 | D:3      | Reached XP level 6. HP: 15/39 MP: 6/6
  2179 | D:3      | Found a runed translucent door.
  2180 | D:3      | Noticed Crazy Yiuf
  2351 | D:4      | Reached skill level 5 in Evocations
  2749 | D:4      | Found Rumios's Jewellery Shoppe.
  2884 | D:4      | Noticed a wyvern
  2972 | D:5      | Entered Level 5 of the Dungeon
  2972 | D:5      | Noticed a black bear
  2986 | D:5      | Reached XP level 7. HP: 42/45 MP: 7/7
  3631 | D:6      | Noticed Dowan
  3636 | D:6      | Noticed Duvessa
  3647 | D:6      | HP: 1/45 [Duvessa/+0 short sword (10)]
  3827 | D:6      | Killed Dowan
  3828 | D:6      | Reached skill level 5 in Unarmed Combat
  3849 | D:6      | Noticed a steam dragon
  4019 | D:6      | Found a staircase to the Ecumenical Temple.
  4034 | Temple   | Entered the Ecumenical Temple
  4334 | Temple   | Became a worshipper of Gozag Ym Sagoz the Greedy
  4486 | D:6      | Reached XP level 8. HP: 51/51 MP: 8/8
  4491 | D:6      | Killed Duvessa
  5549 | D:3      | Noticed Robin
  5564 | D:3      | Killed Robin
  5720 | D:3      | Killed Crazy Yiuf
  5911 | D:7      | HP: 2/52 [black bear (5)]
  5911 | D:7      | Slain by a black bear

Illustrated notes

Levels and vault maps discovered:
D:1:      psy_arrival_basics, layout_loops_ring, serial_shops, shop,
          shapermc_ecumenical_altar_venn, minmay_pentomino_u2
D:2:      layout_basic, basic_altar, dreamdust_wishing_well
D:3:      layout_rooms, mainiacjoe_overflow_surrounded_room, uniq_terence,
          uniq_robin, uniq_crazy_yiuf_cottage, uniq_jessica
D:4:      layout_rooms, serial_shops, shop, corexii_item_surrounded_by_moat
D:5:      layout_basic
D:6:      layout_loops_cross, minmay_temple_entry_offerings, serial_bayou,
          serial_bayou_lake_a, serial_bayou_ford_a, serial_bayou_lagoon_a,
          serial_bayou_pond_d, uniq_duvessa
D:7:      dreamdust_elfheim, layout_basic, mainiacjoe_overflow_large_starburst,
          grunt_ministairs_8, hangedman_minor_gate_pass
Temple:   minmay_temple_bridge_d

Skill      XL: |  1  2  3  4  5  6  7  8 |
---------------+-------------------------+-----
Evocations     | 4 5 6 |  6.7
Dodging        | 3 4 |  4.8
Unarmed Combat | 2 3 4 5 6 |  6.6
Fighting       | 2 3 |  3.1
Throwing       | |  0.1
Stealth        | |  1.3

Action                     |  1- 3 |  4- 6 |  7- 9 || total
---------------------------+-------+-------+-------++-------
  Melee: Unarmed           |   107 |    62 |   122 ||   291
         Constrict         |    29 |    14 |    25 ||    68
         Tentacles         |    29 |    11 |    25 ||    65
         Punch             |     4 |     2 |     3 ||     9
  Throw: Dart              |       |       |     2 ||     2
  Evoke: Wand              |     5 |    24 |    28 ||    57
    Use: Potion            |       |       |     1 ||     1
   Stab: Sleeping          |    10 |     2 |     2 ||    14
 Armour: Skin              |    16 |     2 |     3 ||    21
  Dodge: Dodged            |    71 |    36 |    69 ||   176
